 Dungeon Crawl Stone Soup version 0.17.0-24-gcfadda4 (webtiles) character file.

230 dorian the Firebug (level 6, 0/36 HPs)
             Began as an Octopode Fire Elementalist on Nov 17, 2015.
             Slain by an iguana (12 damage)
             ... on level 4 of the Dungeon.
             The game lasted 00:08:15 (3415 turns).

dorian the Firebug (Octopode Fire Elementalist)     Turns: 3415, Time: 00:08:15

Health: 0/36       AC:  1    Str:  7    XL:     6   Next: 3%
Magic:  6/9        EV: 12    Int: 20    God:
Gold:   96         SH:  0    Dex: 12    Spells: 2 memorised, 5 levels left

rFire  . . .     SeeInvis .     k - +3 spear
rCold  . . .     Clarity  .     (no shield)
rNeg   . . .     SustAt   .     (helmet restricted)
rPois  .         Gourm    .     (no amulet)
rElec  .         Spirit   .     (no ring)
rCorr  .         Warding  .     (no ring)
rMut   .         Stasis   .     (no ring)
MR     .....                    (no ring)
Stlth  +++.......               (no ring)
                                (no ring)
                                (no ring)
                                (no ring)

@: not resistant to hostile enchantments, fairly stealthy
A: almost no armour, amphibious, 8 rings, constrict 8, camouflage 1, gelatinous
body 1
a: no special abilities


You were on level 4 of the Dungeon.
You were not hungry.

You visited 2 branches of the dungeon, and saw 6 of its levels.

You collected 96 gold pieces.

Inventory:

Hand Weapons
 k - a +3 spear (weapon)
Jewellery
 e - an uncursed ring of sustain attributes {unknown}
 f - an uncursed amulet of stasis {unknown}
Scrolls
 d - 3 scrolls of identify {unknown}
 h - 3 scrolls of remove curse {unknown}
 o - a scroll of enchant armour {unknown}
 p - a scroll of amnesia {unknown}
 q - a scroll of teleportation {unknown}
Potions
 c - a potion of haste {unknown}
 g - a potion of lignification {unknown}
 i - 2 potions of might {unknown}
 j - a potion of brilliance {unknown}
 l - a potion of flight {unknown}
 r - a potion of berserk rage {unknown}
Books
 a - a book of Flames

   Spells                             Type                      Level
   a - Flame Tongue                   Conjuration/Fire             1
   b - Throw Flame                    Conjuration/Fire             2
   c - Conjure Flame                  Conjuration/Fire             3
   d - Inner Flame                    Hexes/Fire                   3
   e - Sticky Flame                   Conjuration/Fire             4
   f - Fireball                       Conjuration/Fire             5
 s - a book of Battle

   Spells                             Type                      Level
   a - Infusion                       Charms                       1
   b - Shroud of Golubria             Charms/Translocation         2
   c - Song of Slaying                Charms                       2
   d - Spectral Weapon                Hexes/Charms                 3
   e - Regeneration                   Charms/Necromancy            3
Comestibles
 b - 2 bread rations
 m - 3 meat rations
 n - 2 beef jerkies


   Skills:
 - Level 2.0 Dodging
 - Level 2.6 Stealth
 - Level 2.0 Spellcasting
 + Level 3.9 Conjurations
 + Level 5.1 Fire Magic


You had 5 spell levels left.
You knew the following spells:

 Your Spells              Type           Power        Failure   Level  Hunger
a - Flame Tongue          Conj/Fire      ###..        2%          1    #......
b - Conjure Flame         Conj/Fire      ###.....     10%         3    ###....


Dungeon Overview and Level Annotations

Branches:
Dungeon (5/15)             Temple (1/1) D:4

Altars:
Ashenzari
Cheibriados
Dithmenos
Elyvilon
Fedhas
Gozag
Kikubaaqudgha
Makhleb
Qazlal
Trog
Xom
Zin

Shops:
D:5 !

Annotations:
D:4 Grinder
D:5 Edmund


Innate Abilities, Weirdness & Mutations

You cannot wear most types of armour.
You are amphibious.
You can wear up to eight rings at the same time.
You can use your tentacles to constrict eight enemies at once.
Your skin changes colour to match your surroundings (Stealth).
Your rubbery body absorbs attacks (AC +1).


Message History

You constrict the iguana, but do no damage.
The iguana bites you but does no damage.
Casting: Flame Tongue
Confirm with . or Enter, or press ? or * to list all spells.
Aiming: Flame Tongue
Press: ? - help, Shift-Dir - straight line, f/p - iguana
Aim: an iguana (lightly wounded, constricted by you)
The flame tongue hits the iguana.
The iguana is moderately wounded.
You constrict the iguana. The iguana bites you!
Casting: Flame Tongue
Confirm with . or Enter, or press ? or * to list all spells.
Aiming: Flame Tongue
Press: ? - help, Shift-Dir - straight line, f/p - iguana
Aim: an iguana (moderately wounded, constricted by you)
The flame tongue hits the iguana.
The iguana appears unharmed.
The iguana is moderately wounded.
You constrict the iguana, but do no damage.
The iguana bites you!
You die...

#.# #.# ##+## #.#
##...## #.## ##.....##
#..( ##.......## ##.##
#.........####...#
+.........'.......
#@l.......####...#
##.......## ##.##
###.....## ####
#......## # #.###..# #
#.# #..######### #
######.###..##......#
#
..........#..##.####.#
# #######.#....##.#
##.###


You could see an iguana.

Vanquished Creatures
  A jelly (D:4)
  An orc wizard (D:3)
  A worker ant (D:4)
  An orc priest (D:4)
  2 adders
  2 worms
  2 giant geckos (D:1)
  15 orcs
  6 bats
  3 giant cockroaches
  5 hobgoblins
  6 jackals
  2 ball pythons (D:2)
  6 giant newts
  9 goblins
  9 kobolds
  2 quokkas (D:3)
  11 rats
84 creatures vanquished.

Notes
Turn   | Place    | Note
--------------------------------------------------------------
     0 | D:1      | dorian the Octopode Fire Elementalist began the quest for the Orb.
     0 | D:1      | Reached XP level 1. HP: 11/11 MP: 3/3
    96 | D:1      | Reached XP level 2. HP: 13/17 MP: 0/5
   810 | D:1      | Reached XP level 3. HP: 21/21 MP: 3/6
  1229 | D:2      | Found a faded altar to an unknown god.
  1421 | D:2      | Reached XP level 4. HP: 25/27 MP: 2/7
  1656 | D:2      | Reached skill level 4 in Fire Magic
  2144 | D:3      | Learned a level 3 spell: Conjure Flame
  2185 | D:3      | Reached XP level 5. HP: 19/31 MP: 8/8
  2900 | D:4      | Reached skill level 5 in Fire Magic
  3050 | D:4      | Found a staircase to the Ecumenical Temple.
  3053 | D:4      | Reached XP level 6. HP: 36/36 MP: 6/9
  3060 | Temple   | Entered the Ecumenical Temple
  3114 | D:4      | Noticed Grinder
  3128 | D:4      | You fall through a shaft!
  3128 | D:5      | Entered Level 5 of the Dungeon
  3128 | D:5      | Found Sawk's Distillery.
  3368 | D:5      | Noticed Edmund
  3415 | D:4      | Slain by an iguana

Action                   |  1- 3 |  4- 6 || total
-------------------------+-------+-------++-------
Melee: Unarmed           |    24 |       ||    24
       Spear             |     8 |    49 ||    57
 Cast: Flame Tongue      |    54 |    56 ||   110
       Conjure Flame     |       |     2 ||     2
 Stab: Sleeping          |     9 |     6 ||    15
  Eat: Chunk             |     2 |     7 ||     9
